 Dungeon Crawl Stone Soup version 0.28.0-43-g3370ac3207 (webtiles) character file.

Game seed: 8953278038644591591

471 pkoi the Ruffian (level 6, 0/51 HPs)
             Began as a Draconian Warper on Mar 15, 2022.
             Slain by Grinder (5 damage)
             ... while paralysed by Grinder
             ... on level 3 of the Dungeon.
             The game lasted 00:08:10 (6872 turns).

pkoi the Ruffian (Draconian Warper)                 Turns: 6872, Time: 00:08:10

Health: 0/51       AC:  6    Str: 13    XL:     6   Next: 83%
Magic:  10/10      EV:  2    Int: 15    God:
Gold:   150        SH:  0    Dex: 11    Spells: 6/11 levels left

rFire   . . .      SeeInvis .     - Unarmed
rCold   . . .      Faith    .   (no shield)
rNeg    . . .      Spirit   .   (armour unavailable)
rPois   +          Reflect  .   (helmet restricted)
rElec   .          Harm     .   (no cloak)
rCorr   .          Rampage  .   (no gloves)
Will    .....                   (no boots)
Stlth   +.........              (no amulet)
HPRegen 0.17/turn               c - ring of wizardry
MPRegen 0.12/turn               d - ring of poison resistance

@: paralysed
A: AC +6, unfitting armour, cold-blooded
a: no special abilities


You were on level 3 of the Dungeon.
You visited 1 branch of the dungeon, and saw 4 of its levels.

You collected 150 gold pieces.

Inventory:

Hand Weapons
 i - a +0 vampiric dagger
Missiles
 b - 3 boomerangs of dispersal (quivered)
Jewellery
 c - a ring of wizardry (left hand)
 d - a ring of poison resistance (right hand)
 h - a ring of resist corrosion
 j - a ring of magical power
 n - a ring of positive energy
Scrolls
 a - 2 scrolls of blinking
 e - a scroll of teleportation
 f - a scroll of identify
 k - 2 scrolls of silence
 l - a scroll of vulnerability
 m - a scroll of brand weapon
 p - a scroll of enchant armour
 q - 2 scrolls of fog
Potions
 g - 3 potions of mutation
 o - a potion of magic


   Skills:
 - Level 3.0 Fighting
 - Level 0.8 Throwing
 - Level 2.1 Dodging
 + Level 5.5 Unarmed Combat
 - Level 3.0 Spellcasting
 + Level 4.8 Translocations


You had 6 spell levels left.
You knew the following spells:

 Your Spells              Type           Power      Damage    Failure   Level
a - Blink                 Tloc           32%        N/A       1%          2
b - Gell's Gravitas       Tloc           16%        N/A       3%          3

Your spell library contained the following spells:

 Spells                   Type           Power      Damage    Failure   Level
 Lesser Beckoning         Tloc           16%        N/A       3%          3
 Teleport Other           Tloc           16%        N/A       3%          3
 Manifold Assault         Tloc           16%        N/A       28%         5
 Leda's Liquefaction      Hex/Erth       1%         N/A       58%         4
 Lee's Rapid Deconstruct  Erth           1%         3d5*      89%         5
 Statue Form              Tmut/Erth      1%         N/A       100%        6


Dungeon Overview and Level Annotations

Branches:
Dungeon (4/15)
 Temple: D:4-7

Altars:
Nemelex Xobeh

Annotations:
D:3 Grinder, Terence
D:4 Pikel


Innate Abilities, Weirdness & Mutations

Your plain brown scales are hard. (AC +6)
You cannot fit into any form of body armour.
You are cold-blooded and may be slowed by cold attacks.


Message History

* * * LOW HITPOINT WARNING * * *
Unknown command.
You hit Grinder.
Grinder is severely wounded.
Unknown command.
You barely miss Grinder.
Your tail-slap misses Grinder.
Grinder is severely wounded.
Grinder closely misses you.
Unknown command.
You closely miss Grinder.
Grinder is severely wounded.
Grinder hits you.
* * * LOW HITPOINT WARNING * * *
Unknown command.
You hit Grinder but do no damage.
Grinder is severely wounded.
Grinder gestures at you.
You barely resist.
Unknown command.
You hit Grinder.
You tail-slap Grinder, but do no damage.
Grinder is severely wounded.
Grinder hits you but does no damage.
Unknown command.
You closely miss Grinder.
Your tail-slap misses Grinder.
Grinder is severely wounded.
Grinder hits you.
* * * LOW HITPOINT WARNING * * *
You writhe in agony.
* * * LOW HITPOINT WARNING * * *
You hit Grinder but do no damage.
Grinder is severely wounded.
Grinder hits you but does no damage.
Unknown command.
You closely miss Grinder. You tail-slap Grinder.
Grinder is almost dead.
Grinder gestures at you.
You suddenly lose the ability to move!
Grinder hits you.
You die...

####......##...................#
..##......##.........####.####.#
..##......##.........##....[##.#
..##......##.........#.......#.#
..##......##.........#.......#.##
..''......''............._.....>#
..##......##.........#.......#...
..##......##.........#.......#...
####......##....@5...##.....##...
#############.#####'.####.####...
......# #..# #..............
......# ##.## #.###..........
......########..# #..............
......#.......#.###..............
......#.......#..##.........###'#
......#.......##.##(........# #.#
......#.......##..#'###.....# #.#


You could see Grinder.

Vanquished Creatures
  Sigmund (D:4)
  An ogre (D:3)
  An orc priest (D:3)
  Natasha (thrice) (D:3)
  Robin (D:3)
  4 adders
  2 worms
  3 dart slugs
  6 orcs
  7 ball pythons
  4 bats
  3 endoplasms
  A giant cockroach (D:1)
  20 goblins
  7 hobgoblins
  2 quokkas
  2 kobolds
  A rat (D:2)
69 creatures vanquished.

Notes
Turn   | Place    | Note
-------+----------+-------------------------------------------
     0 | D:1      | pkoi the Draconian Warper began the quest for the Orb.
     0 | D:1      | Reached XP level 1. HP: 17/17 MP: 3/3
    70 | D:1      | Reached XP level 2. HP: 13/24 MP: 5/5
   339 | D:1      | Learned a level 2 spell: Blink
   449 | D:1      | Reached skill level 3 in Unarmed Combat
   616 | D:1      | Reached XP level 3. HP: 29/29 MP: 6/6
  1381 | D:2      | Found a faded altar of an unknown god.
  1455 | D:2      | Learned a level 3 spell: Gell's Gravitas
  1646 | D:2      | Reached skill level 4 in Unarmed Combat
  1997 | D:2      | Reached XP level 4. HP: 34/37 MP: 7/7
  2314 | D:3      | Found a sparkling altar of Nemelex Xobeh.
  2329 | D:3      | Noticed Grinder
  2400 | D:3      | Noticed Natasha
  2520 | D:3      | Killed Natasha
  2862 | D:3      | Noticed Robin
  3448 | D:3      | Killed Robin
  3449 | D:3      | Reached XP level 5. HP: 27/44 MP: 8/8
  3678 | D:4      | Noticed Sigmund
  3678 | D:4      | Noticed an ogre
  4087 | D:3      | Noticed Natasha
  4097 | D:3      | Killed Natasha
  4472 | D:3      | Noticed Natasha
  4485 | D:3      | Killed Natasha
  4775 | D:3      | Noticed Terence
  4806 | D:3      | HP: 2/45 [Terence/+0 flail (6)]
  5239 | D:3      | Killed an ogre
  5240 | D:3      | Reached XP level 6. HP: 38/51 MP: 1/10
  5532 | D:4      | Killed Sigmund
  5533 | D:4      | Reached skill level 5 in Unarmed Combat
  6521 | D:4      | Noticed Pikel
  6855 | D:3      | Paralysed by Grinder for 2 turns
  6871 | D:3      | Paralysed by Grinder for 3 turns
  6872 | D:3      | Slain by Grinder

Illustrated notes

Levels and vault maps discovered:
D:1:      roderic_dead_forest, layout_basic
D:2:      layout_basic, ebering_ecumenical_altar_hall
D:3:      layout_basic, old_standard_altar, uniq_grinder, uniq_natasha,
          uniq_robin, uniq_terence
D:4:      layout_basic, grunt_ministairs_4, uniq_sigmund, uniq_pikel

Skill      XL: |  1  2  3  4  5  6 |
---------------+-------------------+-----
Unarmed Combat | 3 4 5 |  5.5
Fighting       | 3 |  3.0
Spellcasting   | 3 |  3.0
Translocations | 4 |  4.8
Throwing       | |  0.8
Dodging        | |  2.1

Action                   |  1- 3 |  4- 6 || total
-------------------------+-------+-------++-------
Melee: Unarmed           |   116 |   220 ||   336
       Tailslap          |     8 |    29 ||    37
       Punch             |       |     6 ||     6
Throw: Boomerang         |       |     2 ||     2
 Cast: Gell's Gravitas   |       |     9 ||     9
       Blink             |       |     4 ||     4
  Use: Scroll            |     3 |     9 ||    12
       Potion            |     1 |     1 ||     2
 Stab: Sleeping          |     2 |       ||     2
Armor: Skin              |    35 |    52 ||    87
Dodge: Dodged            |    85 |   106 ||   191
